Map: Frost LE

Players

Glorfindel - Winner!

  • Race: Terran Terran
  • League: Master

Fire

  • Race: Terran Terran
  • League: Grandmaster

VOD

Have the link to the VOD?

Description

Time

  • Played on: May 29, 2016, 6:29 a.m.
  • Length: 11:48
Show
View Real Time Build Order
Export as new Build Order

Glorfindel Terran - Winner!

Build Orders: Command Center First (CC), MMM Bio 

Get SALT Encoding   

  12  0:00  SCV  
  13  0:12  SCV  
  14  0:17  Supply Depot  
  14  0:25  SCV  
  15  0:38  SCV  
  16  0:51  SCV  
  17  1:02  Command Center  
  17  1:05  SCV  
  18  1:19  Barracks  
  18  1:20  SCV  
  19  1:26  Refinery  
  19  1:32  SCV  
  20  1:42  Barracks  
  20  1:45  SCV  
  21  2:08  Orbital Command  
  21  2:09  Barracks Reactor  
  21  2:14  Orbital Command  
  21  2:24  Refinery  
  21  2:31  Marine  
  21  2:36  SCV  
  23  2:42  SCV  
  24  2:45  Marine  
  24  2:46  Marine  
  24  2:47  Factory  
  24  2:50  Marine  
  27  2:53  SCV  
  27  2:54  SCV  
  29  3:03  Marine  
  29  3:04  Marine  
  32  3:05  SCV  
  32  3:06  SCV  
  32  3:08  Marine  
  34  3:15  Supply Depot  
  34  3:17  SCV  
  34  3:19  SCV  
  36  3:26  Marine x2  
  38  3:30  Starport  
  38  3:31  Factory Tech Lab  
  38  3:33  Barracks Tech Lab  
  38  3:35  Engineering Bay  
  38  3:37  SCV x2  
  40  3:41  Bunker  
  40  3:44  Marine  
  40  3:45  Marine  
  42  3:50  Cyclone  
  46  4:06  Missile Turret  
  46  4:12  Missile Turret  
  46  4:18  SCV  
  46  4:21  Viking  
  46  4:40  Supply Depot  
  46  4:41  Supply Depot x2  
  46  4:47  Marine  
  46  4:49  Combat Shields  
  46  4:53  Supply Depot  
  46  4:56  Marine  
  46  5:01  Marine  
  46  5:02  SCV x2, Siege Tank  
  52  5:07  Marine  
  52  5:14  Marine, SCV  
  54  5:16  Supply Depot  
  54  5:18  SCV  
  56  5:21  Marine  
  56  5:24  Starport Reactor  
  56  5:25  Marine  
  56  5:27  SCV  
  59  5:33  Marine  
  59  5:34  SCV  
  60  5:39  Marine  
  60  5:42  Refinery  
  61  5:43  Marine  
  61  5:44  SCV, Refinery  
  63  5:50  Marine  
  63  5:51  SCV  
  63  5:56  Siege Tank  
  63  5:57  Marine  
  68  6:01  Medivac  
  71  6:04  Medivac  
  71  6:08  Marine  
  71  6:11  SCV  
  75  6:14  Stimpack  
  75  6:16  Marine  
  76  6:20  Marine  
  77  6:25  Marine  
  78  6:34  Marine  
  78  6:37  SCV  
  78  6:38  Marine  
  81  6:41  SCV  
  81  6:42  Medivac  
  81  6:43  Marine  
  85  6:47  Terran Infantry Weapons Level 1  
  85  6:52  Marine  
  85  6:53  Supply Depot  
  86  6:56  Marine  
  86  6:57  Medivac  
  86  6:59  SCV  
  90  7:01  Marine  
  90  7:05  Siege Tank  
  94  7:08  Supply Depot  
  94  7:14  SCV, Marine  
  96  7:20  Marine  
  96  7:21  Marine  
  98  7:32  Marine  
  99  7:37  Siege Tank  
  99  7:38  Marine  
  99  7:39  Marine  
  104  7:50  Marine  
  105  7:56  Marine  
  107  8:05  Command Center  
  106  8:06  Marine  
  106  8:09  Siege Tank  
  110  8:21  Barracks  
  110  8:22  Marine  
  111  8:32  SCV x2  
  114  8:41  Siege Tank  
  114  8:44  SCV  
  114  8:48  Marine  
  114  8:49  Marine x2  
  94  9:06  Marine x2  
  94  9:07  Marine  
  87  9:24  Marine x2  
  87  9:25  Marine  
  68  9:42  Marine x2  
  68  9:43  Marine  
  62  10:00  Marine x3  
  58  10:17  Marine  
  58  10:18  Marine x2  
  55  10:35  Marine x2  
  55  10:36  Marine  
  58  10:53  Marine x2  
  58  10:54  Marine  
  61  11:11  Marine x2  
  61  11:12  Marine  
  61  11:29  Marine x3  
Show
View Real Time Build Order
Export as new Build Order

Fire Terran 

Build Orders: 1/1/1, Bio Tank, Banshee Rush 

Get SALT Encoding   

  12  0:01  SCV  
  13  0:13  SCV  
  14  0:18  Supply Depot  
  14  0:25  SCV  
  15  0:30  Refinery  
  15  0:39  SCV  
  16  0:45  Barracks  
  16  0:51  SCV  
  17  1:03  SCV  
  18  1:15  SCV  
  19  1:33  Marine  
  19  1:34  Orbital Command  
  19  1:35  Factory  
  20  1:43  Supply Depot  
  20  1:52  Barracks Tech Lab  
  20  1:55  Refinery  
  20  2:00  SCV  
  21  2:13  SCV  
  22  2:17  Marine  
  22  2:19  Hellion  
  22  2:20  Starport  
  25  2:25  SCV  
  25  2:28  Supply Depot  
  26  2:37  SCV  
  26  2:42  Marine  
  28  2:49  SCV  
  29  2:56  Banshee, Cloaking Field  
  29  2:58  Hellion  
  34  3:05  Barracks Reactor  
  34  3:06  Supply Depot  
  34  3:09  SCV  
  34  3:21  SCV  
  35  3:35  Command Center  
  36  3:42  Banshee  
  36  3:45  Marine  
  36  3:47  Marine  
  40  3:49  SCV  
  40  3:54  Factory Tech Lab  
  41  3:58  Supply Depot  
  41  4:09  SCV  
  40  4:10  Marine x2  
  42  4:27  Banshee  
  42  4:28  Marine x2  
  42  4:30  SCV  
  48  4:38  Siege Tank  
  51  4:48  Marine x2, Orbital Command  
  51  4:52  SCV  
  48  5:04  SCV  
  48  5:06  Barracks  
  49  5:10  Siege Tank  
  52  5:16  SCV  
  52  5:18  SCV  
  52  5:19  Barracks  
  52  5:20  Marine  
  55  5:24  Stimpack  
  55  5:37  SCV  
  55  5:38  SCV  
  55  5:39  Refinery  
  55  5:40  Marine, Starport Reactor  
  55  5:41  Refinery  
  58  5:49  SCV  
  56  5:50  Siege Tank  
  56  5:51  SCV  
  56  5:56  Barracks Reactor  
  60  5:58  Marine  
  60  6:00  Engineering Bay  
  60  6:01  SCV  
  62  6:07  SCV  
  62  6:09  Marine  
  62  6:11  Barracks  
  64  6:15  SCV  
  64  6:16  Barracks, Marine  
  66  6:19  SCV  
  66  6:20  Supply Depot  
  62  6:27  Siege Tank  
  62  6:28  Medivac  
  62  6:31  Medivac  
  67  6:35  Marine x2  
  67  6:37  SCV  
  67  6:38  Marine  
  66  6:44  Terran Infantry Weapons Level 1  
  66  6:45  SCV  
  66  6:46  Supply Depot  
  67  6:47  Marine  
  67  6:50  SCV  
  67  6:51  Marine  
  67  6:53  Marine  
  71  6:56  Marine  
  71  6:57  SCV  
  71  7:00  Barracks Reactor  
  73  7:03  Barracks Reactor  
  73  7:05  Medivac x2  
  77  7:08  Supply Depot  
  77  7:10  Marine  
  77  7:11  Marine  
  79  7:17  Siege Tank  
  82  7:24  Marine x2  
  82  7:26  Marine  
  82  7:28  Marine  
  84  7:31  Marine  
  84  7:33  Supply Depot  
  85  7:39  Marine  
  85  7:41  Marine  
  85  7:42  Marine  
  82  7:49  Siege Tank  
  82  7:50  Command Center  
  85  8:04  Marine x2  
  87  8:06  Marine  
  87  8:07  Marine x2  
  87  8:09  Marine  
  91  8:16  Combat Shields  
  91  8:17  Medivac  
  91  8:19  Marine  
  94  8:21  Marine, Siege Tank  
  94  8:22  Marine  
  97  8:28  Marine x2  
  97  8:31  Supply Depot  
  97  8:32  Marine x2  
  101  8:35  Marine  
  101  8:38  Terran Infantry Armor Level 1  
  102  8:41  Supply Depot  
  102  8:42  Marine  
  102  8:44  Marine  
  102  8:52  Marine x3  
  102  8:53  Marine  
  106  8:56  Medivac x2  
  106  9:00  Marine x2  
  103  9:07  Supply Depot  
  103  9:15  Orbital Command  
  103  9:16  Marine x2  
  105  9:18  Marine  
  105  9:19  Marine  
  105  9:22  Marine x2  
  105  9:34  Marine x2  
  105  9:35  Siege Tank  
  67  9:39  Marine x2  
  67  9:43  Viking  
  67  9:47  Marine x2  
  67  9:50  Marine  
  67  9:52  Marine  
  55  9:55  Marine  
  55  9:59  Marine  
  57  10:07  Marine x2  
  57  10:12  Marine  
  48  10:16  Marine  
  48  10:17  Marine  
  48  10:21  Marine  
  30  10:27  Marine  
  32  10:31  Marine  
  33  10:55  Siege Tank  
  36  11:10  Marine  
Tags
 
Add a new tag
Caveats
  • Supply blocks, unpowered buildings, or Contaminate may cause inaccurate times.
  • Supply counts are checked every 10 seconds.